 Dungeon Crawl Stone Soup version 0.27-a0-1557-g57f10a385c (webtiles) character file.

Game seed: 12279694046819151340

273 Lanoc the Cudgeller (level 6, 0/50 HPs)
             Began as a Barachi Chaos Knight on July 15, 2021.
             Was a Plaything of Xom.
             Succumbed to a water moccasin's poison
             ... on level 4 of the Dungeon.
             The game lasted 00:06:54 (3916 turns).

Lanoc the Cudgeller (Barachi Chaos Knight)          Turns: 3916, Time: 00:06:54

Health: 0/50       AC:  5    Str: 14    XL:     6   Next: 23%
Magic:  0/6        EV: 12    Int: 13    God:    Xom [.*....]
Gold:   136        SH:  0    Dex: 12    Spells: 5/5 levels left

rFire    + . .     SeeInvis .   a - +0 mace (chaos)
rCold    . . .     Faith    .   (no shield)
rNeg     . . .     Spirit   .   b - +2 leather armour
rPois    .         Reflect  .   (no helmet)
rElec    .         Harm     .   (no cloak)
rCorr    .         Rampage  .   (no gloves)
Will     .....                  (no boots)
Stlth    +.........             (no amulet)
HPRegen  0.16/turn              i - ring of flight
MPRegen  0.10/turn              (no ring)

@: mighty, brilliant, lethally poisoned (0 -> -3), flying, hasted, very quick
A: amphibious, slowness 1, strong legs 1, +LOS, fire resistance 1, MP-powered
wands
a: Hop, Renounce Religion


You were on level 4 of the Dungeon.
You worshipped Xom.
You were a plaything of Xom.
You visited 1 branch of the dungeon, and saw 4 of its levels.

You collected 136 gold pieces.

Inventory:

Hand Weapons
 a - a +0 mace of chaos (weapon)
Armour
 b - a +2 leather armour (worn)
Jewellery
 i - a ring of flight (left hand)
Wands
 j - a wand of flame (39)
Scrolls
 c - 3 scrolls of identify {unknown}
 e - a scroll of teleportation {unknown}
 g - a scroll of fog {unknown}
 h - a scroll of immolation {unknown}
 k - a scroll of silence {unknown}
 m - 2 scrolls of amnesia {unknown}


   Skills:
 + Level 4.9 Fighting
 * Level 5.2 Maces & Flails
 + Level 4.0 Armour
 + Level 3.0 Dodging


You had 5 spell levels left.
You didn't know any spells.
Your spell library contained the following spells:

 Spells                   Type           Power      Damage    Failure   Level
 Animate Skeleton         Necr           0%         N/A       36%         1
 Apportation              Tloc           0%         N/A       36%         1
 Beastly Appendage        Tmut           0%         N/A       36%         1
 Corona                   Hex            0%         N/A       36%         1
 Magic Dart               Conj           0%         1d3       36%         1
 Summon Small Mammal      Summ           0%         N/A       36%         1
 Call Imp                 Summ           0%         N/A       50%         2
 Wereblood                Tmut           0%         N/A       50%         2
 Mephitic Cloud           Conj/Pois/Air  0%         N/A       75%         3
 Spider Form              Tmut/Pois      0%         N/A       75%         3


Dungeon Overview and Level Annotations

Branches:
Dungeon (4/15)
 Temple: D:4-7

Altars:
Gozag


Innate Abilities, Weirdness & Mutations

You are amphibious.
You cover ground slowly.
You can hop short distances.
You have an extended range of vision and can be seen from far away.
Your flesh is heat resistant. (rF+)
You expend magic power (3 MP) to strengthen your wands.


Message History

Xom thinks this is hilarious!
* * * LOW HITPOINT WARNING * * *
You feel sick. The water moccasin closely misses you.
You barely miss the water moccasin.
The water moccasin is almost dead.
You can read scrolls again.
* * * LOW HITPOINT WARNING * * *
You feel sick. The water moccasin misses you.
You hit the water moccasin.
You kill the water moccasin!
* * * LOW HITPOINT WARNING * * *
You feel sick.
Your Maces & Flails skill increases to level 5!
Your Dodging skill increases to level 3!
You have reached level 6!
Your experience leads to an increase in your attributes!
Increase (S)trength, (I)ntelligence, or (D)exterity?
You feel stronger.
You thump the iguana!
You kill the iguana!
* * * LOW HITPOINT WARNING * * *
You feel sick.
Your Armour skill increases to level 4!
Okay, then.
Really quaff the potion of mutation?
You feel extremely strange.
Your magical essence no longer links to wands of the dungeon.
You can once more read scrolls while threatened.
You feel frail.
You feel stupid.
You feel your magical essence link to the dungeon's wands.
You feel resistant to heat.
You feel clever.
* * * LOW HITPOINT WARNING * * *
You feel sick.
* * * LOW HITPOINT WARNING * * *
You feel sick.
You see here an iguana corpse.
* * * LOW HITPOINT WARNING * * *
You feel sick.
You die...
Xom chuckles heartily!

.####.####.# *.# ,,
.####...... ### .#, , . ,
......... , .. .#, ... ,
####.#÷#########.##.# #....
, ,
..<#................#.....[
.......................>...
,
.###.############..##.....,
*
.#......).)...†............
,
.#.#.##########.@..........,
##.#.##.....# #.#..........
#.#.##.###.###.#.....#.?.. ,
##.#.##.# #................
#..#.##.# #####.#.##..#...#
, , ........# #.#..#..#...#
, .....#### #.#..##..... , ,
.....# #.#..# .... .≈...#
#)#..#* .. ,


There were no monsters in sight!

Vanquished Creatures
  A water moccasin (D:4)
  A jelly (D:4)
  An iguana (D:4)
  A hound skeleton (D:4)
  3 adders
  5 worms
  3 dart slugs
  5 ball pythons
  6 endoplasms
  2 giant cockroaches
  4 goblins
  9 hobgoblins
  3 jackals (D:1)
  4 kobolds
  2 quokkas
  5 bats
  5 frilled lizards
  8 rats
68 creatures vanquished.

Vanquished Creatures (others)
  A phantom (D:4)
1 creature vanquished.

Grand Total: 69 creatures vanquished

Notes
Turn   | Place    | Note
-------+----------+-------------------------------------------
     0 | D:1      | Lanoc the Barachi Chaos Knight began the quest for the Orb.
     0 | D:1      | Reached XP level 1. HP: 18/18 MP: 1/1
   139 | D:1      | Reached XP level 2. HP: 21/25 MP: 2/2
   372 | D:1      | XOM: silly message
   389 | D:1      | XOM: silly message
   496 | D:1      | XOM: divination: detect items
   687 | D:1      | XOM: divination: detect items
   696 | D:1      | Reached XP level 3. HP: 30/30 MP: 3/3
  1057 | D:1      | XOM: divination: detect items
  1116 | D:2      | XOM: silly message
  1273 | D:2      | Found an opulent altar of Gozag.
  1273 | D:2      | XOM: 3-stop teleportation journey
  1280 | D:2      | Reached skill level 4 in Maces & Flails
  1775 | D:2      | XOM: 1-stop teleportation journey
  1889 | D:2      | Reached XP level 4. HP: 37/37 MP: 4/4
  2234 | D:2      | XOM: enchant monster (bad)
  2321 | D:2      | XOM: noise
  2491 | D:2      | XOM: god gift: mace {god gift}
  3271 | D:3      | XOM: scenery: summon butterflies
  3563 | D:4      | XOM: destruction
  3565 | D:4      | Reached XP level 5. HP: 43/43 MP: 5/5
  3573 | D:4      | Noticed a phantom
  3591 | D:4      | Killed a phantom
  3591 | D:4      | XOM: divine lightning
  3684 | D:4      | XOM: give mutations
  3684 | D:4      | Gained mutation: You passively map a small area around you.
                  | [Xom's grace]
  3684 | D:4      | Gained mutation: Your system is resistant to poisons.
                  | (rPois) [Xom's grace]
  3885 | D:4      | Noticed a water moccasin
  3902 | D:4      | Lost mutation: You passively map a small area around you.
                  | [potion of mutation]
  3902 | D:4      | Lost mutation: Your system is resistant to poisons. (rPois)
                  | [potion of mutation]
  3902 | D:4      | Gained mutation: You are robust. (+10% HP) [potion of
                  | mutation]
  3902 | D:4      | Gained mutation: You sometimes lose the ability to read
                  | scrolls when taking damage. [potion of mutation]
  3902 | D:4      | Gained mutation: You expend magic power (3 MP) to
                  | strengthen your wands. [potion of mutation]
  3911 | D:4      | Killed a water moccasin
  3912 | D:4      | Reached skill level 5 in Maces & Flails
  3912 | D:4      | Reached XP level 6. HP: 5/55 MP: 0/6
  3913 | D:4      | Lost mutation: You expend magic power (3 MP) to strengthen
                  | your wands. [potion of mutation]
  3913 | D:4      | Lost mutation: You sometimes lose the ability to read
                  | scrolls when taking damage. [potion of mutation]
  3913 | D:4      | Lost mutation: You are robust. (+10% HP) [potion of
                  | mutation]
  3913 | D:4      | Gained mutation: You are dopey. (Int -2) [potion of
                  | mutation]
  3913 | D:4      | Gained mutation: You expend magic power (3 MP) to
                  | strengthen your wands. [potion of mutation]
  3913 | D:4      | Gained mutation: Your flesh is heat resistant. (rF+)
                  | [potion of mutation]
  3913 | D:4      | Lost mutation: You are dopey. (Int -2) [potion of mutation]
  3914 | D:4      | HP: 2/50 [poisoned by a water moccasin]
  3916 | D:4      | Succumbed to a water moccasin's poison

Illustrated notes

Levels and vault maps discovered:
D:1:      minmay_arrival_split_and_join, layout_basic, minmay_misc_feat_room,
          supply_closet_lemuel, feat_on_display
D:2:      layout_basic, basic_altar, minmay_quantized
D:3:      layout_loops_ring, minmay_misc_feat_nine_boxes, minivault_4
D:4:      layout_basic, skrybe_limestone_x

Skill      XL: |  1  2  3  4  5  6 |
---------------+-------------------+-----
Fighting       | 4 |  4.9
Maces & Flails | 4 5 |  5.2
Armour         | 3 4 |  4.0
Dodging        | 2 3 |  3.0

Action                   |  1- 3 |  4- 6 || total
-------------------------+-------+-------++-------
Melee: Mace              |   111 |   118 ||   229
Evoke: Wand              |       |     3 ||     3
  Use: Potion            |       |     7 ||     7
 Stab: Sleeping          |     1 |       ||     1
Armor: Leather armour    |    50 |    46 ||    96
Dodge: Dodged            |    72 |    81 ||   153

Table legend: (Time is in decaauts)
 A = Elapsed time spent in this place.
 B = Non-inter-level travel time spent in this place.
 C = Inter-level travel time spent in this place.
 D = Time resting spent in this place.
 E = Time spent auto-exploring this place.
 F = Levels seen in this place.
 G = Mean time per level.
                   A        B        C        D        E       F      G
               +--------+--------+--------+--------+--------+-----+--------+
         Total |   4385 |   4336 |     49 |      0 |   3790 |   4 | 1096.2 |
       Dungeon |   4385 |   4336 |     49 |      0 |   3790 |   4 | 1096.2 |
               +--------+--------+--------+--------+--------+-----+--------+

Top non-repeatable levels by time:
     D:2: 1598 daAuts
     D:1: 1240 daAuts
     D:3: 1110 daAuts
     D:4: 435 daAuts
